 Dungeon Crawl Stone Soup version 0.31-a0-1008-g5b978dac0e (webtiles) character file.

Game seed: 4294837562155858310

22 kae the Vexing (level 2, 0/19 HPs)
             Began as a Demonspawn Enchanter on Nov 12, 2023.
             Slain by a hound (3 damage)
             ... on level 4 of the Dungeon.
             The game lasted 00:00:28 (738 turns).

kae the Vexing (Demonspawn Enchanter)                Turns: 738, Time: 00:00:28

Health: 0/19       AC:  2    Str:  8    XL:     2   Next: 68%
Magic:  5/5        EV: 12    Int: 16    God:
Gold:   26         SH:  0    Dex: 13    Spells: 3/5 levels left

rFire   . . .        a - +1 dagger
rCold   . . .        (no shield)
rNeg    . . .        b - +0 robe
rPois   .            (helmet restricted)
rElec   .            (no cloak)
rCorr   .            (no gloves)
SInv    .            (no boots)
Will    .....        (no amulet)
Stlth   ++           (no ring)
HPRegen 0.23/turn    (no ring)
MPRegen 0.09/turn

%: no passive effects
@: attractive
A: horns 1
a: no special abilities


You were on level 4 of the Dungeon.
You visited 1 branch of the dungeon, and saw 3 of its levels.

You collected 26 gold pieces.


Innate Abilities, Weirdness & Mutations

You have a pair of small horns on your head.


   Skills:
 * Level 1.5 Short Blades
 - Level 1.7 Dodging
 + Level 2.8 Stealth
 + Level 2.2 Spellcasting
 * Level 3.4 Hexes


You had 3 spell levels left.
You knew the following spells:

 Your Spells              Type           Power      Damage    Failure   Level
a - Ensorcelled Hibernat  Hex/Ice        14%        N/A       16%         2

Your spell library contained the following spells:

 Spells                   Type           Power      Damage    Failure   Level
 Confusing Touch          Hex            12%        N/A       16%         3
 Tukima's Dance           Hex            12%        N/A       16%         3
 Dazzling Flash           Conj/Hex       14%        N/A       30%         3

Inventory:

Hand Weapons
 a - a +1 dagger (weapon)
Missiles
 d - 5 stones
Armour
 b - a +0 robe (worn)
Jewellery
 v - a ring of see invisible
   (You found it on level 1 of the Dungeon)
Potions
 c - 2 potions of invisibility
 f - a potion of curing {@q1}

Dungeon Overview and Level Annotations

Branches:
Dungeon (2/15) Zot: 17264

Altars:

..# ..# ## .<.#
#.# ....# ##.#
#....#
#.####.###......
#......@#Jo..#
#..#####h# #.
#S# # #.# #.#
#.. #.) #.# ..#


You could see a hound and a ball python.


Message History

The ball python misses you. The ball python barely misses you.
The ball python closely misses you.
A ball python is nearby!
A ball python is nearby!
You hit the ball python. The ball python closely misses you. x2
You closely miss the ball python. The ball python barely misses you.
The ball python closely misses you.
A ball python is nearby!
You hit the ball python.
You kill the ball python!
No target in view!
You see here a ball python corpse.
A bat is nearby!
No target in view!
No target in view!
No target in view!
You hit the bat. The bat barely misses you. The bat completely misses you.
You barely miss the bat. You headbutt the bat.
You kill the bat!
Found a stone staircase leading down.
No target in view!
No target in view!
Your butterfly disappears in a burst of colours!
e - a ruby potion No target in view!
No target in view!
A rat comes into view.
A rat is nearby!
There is a stone staircase leading down here.
A rat is nearby!
Your butterfly disappears in a burst of colours!
The rat bites you.
You hit the rat but do no damage. You headbutt the rat.
You kill the rat! 😕 HP[-1]
You take 1 damage, and now have 18/19 hp.
An endoplasm comes into view. 😎 HP[+1]
Your hp is fully restored (19).
The endoplasm quivers.
An endoplasm is nearby!
The endoplasm hits you. 😕 HP[-2]
You take 2 damage, and now have 17/19 hp.
An endoplasm is nearby!
You hit the endoplasm.
You kill the endoplasm!
No target in view!
A malevolent force fills the Dungeon...
You fall into a shaft and drop 2 floors!
The shaft crumbles and collapses.
A hound and a ball python come into view. 😎 HP[+2]
Your hp is fully restored (19).
There are monsters nearby!
An endoplasm and an orc come into view.
Found an escape hatch in the ceiling.
The hound barks!
The hound bites you but does no damage.
You closely miss the hound. The hound closely misses you.
You hit the hound. The hound closely misses you.
You closely miss the hound. The hound completely misses you.
The hound barely misses you.
You closely miss the hound. The hound closely misses you.
You barely miss the hound. The hound misses you. The endoplasm freezes you.
You are frozen. 😮 HP[-5]
You take 5 damage, and now have 14/19 hp.
MASSIVE DAMAGE!! (PAUSE)
The hound closely misses you.
You hit the hound but do no damage. The hound bites you but does no damage.
You hit the hound but do no damage. The hound closely misses you.
You hit the hound. The hound bites you.
The hound completely misses you. 😮 HP[-3]
You take 3 damage, and now have 11/19 hp.
You closely miss the hound.
You headbutt the hound, but do no damage.
The hound bites you.
* * * LOW HITPOINT WARNING * * *
😨 HP[-3]
You take 3 damage, and now have 8/19 hp.
You barely miss the hound.
You headbutt the hound, but do no damage.
The hound bites you.
* * * LOW HITPOINT WARNING * * *
You are too injured to fight recklessly!
You are too injured to fight recklessly! 😨 HP[-1]
You take 1 damage, and now have 7/19 hp.
You barely miss the hound. Your headbutt misses the hound.
The hound closely misses you. The hound bites you.
* * * LOW HITPOINT WARNING * * *
😱 HP[-5]
You take 5 damage, and now have 2/19 hp.
MASSIVE DAMAGE!! (PAUSE) It was a potion of attraction.
You feel attractive to monsters. The hound bites you.
You die...

Skill      XL: |  1 |
---------------+----+-----
Short Blades   | 1 |  1.5
Dodging        | |  1.7
Stealth        | |  2.8
Spellcasting   | |  2.2
Hexes          | |  3.4

Action                     || total
---------------------------++-------
  Melee: Dagger            ||    58
         Headbutt          ||     6
    Use: Scroll            ||     2
         Potion            ||     1
   Stab: Sleeping          ||     6
 Armour: Robe              ||    27
  Dodge: Dodged            ||    46

Levels and vault maps discovered:
D:1:      ebering_trefoil_3fold, layout_loops_cross, serial_bayou_lagoon_a
D:2:      layout_basic, shapermc_ecumenical_altar_mp_highgroup
D:4:      layout_loops_ring, minmay_temple_entry_gardened_gates,
          gammafunk_ghost_necromancy

Notes
Turn   | Place    | Note
-------+----------+-------------------------------------------
     0 | D:1      | kae the Demonspawn Enchanter began the quest for the Orb.
     0 | D:1      | Reached XP level 1. HP: 13/13 MP: 3/3
     0 | D:1      | magus.rc [v1.11.3]
    13 | D:1      | Reached skill level 1 in Short Blades
   300 | D:1      | Gained mutation: You have a pair of small horns on your
                  | head. [demonic ancestry]
   300 | D:1      | Reached XP level 2. HP: 18/19 MP: 5/5
   406 | D:1      | Learned a level 2 spell: Ensorcelled Hibernation
   721 | D:2      | You fall into a shaft and drop 2 floors!
   721 | D:3      | Identified the "Hyliwk"
   737 | D:4      | HP: 2/19 [hound (5)]
   738 | D:4      | Slain by a hound

Vanquished Creatures
  2 dart slugs (D:1)
  3 bats
  2 endoplasms
  2 hobgoblins (D:1)
  A quokka (D:1)
  3 ball pythons
  A frilled lizard (D:1)
  A kobold (D:1)
  3 rats
18 creatures vanquished.

Table legend:
 A = Non-vault XP
 B = Vault XP
 C = Vault XP percentage of total XP
 D = Non-vault monster count
 E = Vault monster count
 F = Vault count percentage of total count
                 A         B        C        D         E       F
            +---------+---------+-------+---------+---------+-------
      Total |      32 |       0 |   0.0 |      18 |       0 |   0.0
            +---------+---------+-------+---------+---------+-------
        D:1 |      25 |       0 |   0.0 |      14 |       0 |   0.0
        D:2 |       7 |       0 |   0.0 |       4 |       0 |   0.0
            +---------+---------+-------+---------+---------+-------

Skill      XL: |  1 |
---------------+----+-----
Short Blades   | 1 |  1.5
Dodging        | |  1.7
Stealth        | |  2.8
Spellcasting   | |  2.2
Hexes          | |  3.4

Action                     || total
---------------------------++-------
  Melee: Dagger            ||    58
         Headbutt          ||     6
    Use: Scroll            ||     2
         Potion            ||     1
   Stab: Sleeping          ||     6
 Armour: Robe              ||    27
  Dodge: Dodged            ||    46

Illustrated notes

Table legend:
 A = Kills in this place as a percentage of kills in the entire game.
 B = Kills by you in this place as a percentage of kills by you in the entire game.
 C = Kills by friends in this place as a percentage of kills by friends in the entire game.
 D = Other kills in this place as a percentage of other kills in the entire game.
 E = Experience gained in this place as a percentage of experience gained in the entire game.
 F = Experience gained in this place divided by the number of levels of this place that you have seen.
                   A       B       C       D       E      F
               +-------+-------+-------+-------+-------+----------------------
         Total | 100.0 | 100.0 |   N/A |   N/A | 100.0 |  10.7
       Dungeon | 100.0 | 100.0 |   N/A |   N/A | 100.0 |  10.7
               +-------+-------+-------+-------+-------+----------------------

Table legend: (Time is in decaauts)
 A = Elapsed time spent in this place.
 B = Non-inter-level travel time spent in this place.
 C = Inter-level travel time spent in this place.
 D = Time resting spent in this place.
 E = Time spent auto-exploring this place.
 F = Levels seen in this place.
 G = Mean time per level.
                   A        B        C        D        E       F      G
               +--------+--------+--------+--------+--------+-----+--------+
         Total |    734 |    711 |     23 |      0 |    556 |   3 |  244.7 |
       Dungeon |    734 |    711 |     23 |      0 |    556 |   3 |  244.7 |
               +--------+--------+--------+--------+--------+-----+--------+

Top non-repeatable levels by time:
     D:1: 650 daAuts
     D:2: 68 daAuts
     D:4: 15 daAuts
